 Dungeon Crawl Stone Soup version 0.30-a0-218-gedb9141078 (webtiles) character file.

Game seed: 10048192664183767568

76 Essalna the Covered (level 4, -8/60 HPs)
             Began as an Armataur Berserker on Oct 5, 2022.
             Was a Believer of Trog.
             Mangled by a black bear (10 damage)
             ... on level 3 of the Dungeon.
             The game lasted 00:02:34 (1695 turns).

Essalna the Covered (Armataur Berserker)            Turns: 1695, Time: 00:02:34

Health: -8/60      AC:  7    Str: 24    XL:     4   Next: 12%
Magic:  4/4        EV:  9    Int:  7    God:    Trog [**....]
Gold:   139        SH:  0    Dex: 10    Spells: 3/3 levels left

rFire   . . .      SeeInvis .    n - +0 flail (protect)
rCold   . . .      Faith    +    (no shield)
rNeg    . . .      Spirit   .    b - +0 animal skin
rPois   .          Reflect  .    c - +2 helmet
rElec   .          Harm     .    (no cloak)
rCorr   .          Roll     +    (no gloves)
Will    .....                    (no barding)
Stlth   ..........               i - amulet of faith
HPRegen 0.30/turn                (no ring)
MPRegen 0.09/turn                (no ring)

@: berserking, very quick
A: large, rugged brown scales 3, deformed body, armoured tail, roll, long
tongue, awkward tongue
a: Renounce Religion, Berserk, Trog's Hand


You were on level 3 of the Dungeon.
You worshipped Trog.
Trog was pleased with you.
You visited 1 branch of the dungeon, and saw 3 of its levels.

You collected 139 gold pieces.

Inventory:

Hand Weapons
 a - a +0 mace
 n - a +0 flail of protection (weapon)
Armour
 b - a +0 animal skin (worn)
 c - a +2 helmet (worn)
Jewellery
 i - an amulet of faith (around neck)
Wands
 m - a wand of paralysis (10)
Scrolls
 d - a scroll of immolation {unknown}
 f - 2 scrolls of teleportation {unknown}
 g - a scroll of blinking {unknown}
 h - a scroll of enchant armour {unknown}
 j - a scroll of identify {unknown}
 l - a scroll of poison {unknown}
Potions
 e - a potion of heal wounds {unknown}
 k - a potion of lignification {unknown}


   Skills:
 + Level 3.3 Fighting
 + Level 3.4 Maces & Flails
 + Level 3.7 Armour
 - Level 1.3 Dodging


You had 3 spell levels left.
You didn't know any spells.
Your spell library was empty.

Dungeon Overview and Level Annotations

Branches:
Dungeon (3/15)

Altars:
Gozag

Annotations:
D:2 1 runed translucent door, Crazy Yiuf


Innate Abilities, Weirdness & Mutations

You are completely covered in rugged brown scales. (AC +3, +7% HP)
Armour fits poorly on your strangely shaped body.
You have a long armoured tail.
You roll when moving toward enemies. (Rampage)
Your long tongue fully drains potion bottles. (2x potion effects)
Your tongue gives you trouble enunciating. (1.5x scroll delay)


Message History

A red film seems to cover your vision as you go berserk!
You feel yourself moving faster!
You feel mighty! The black bear barely misses you.
The black bear claws you but does no damage. x2
The black bear bites you.
* * * LOW HITPOINT WARNING * * *
The black bear barely misses you.
The black bear claws you but does no damage.
You barely miss the black bear.
The black bear is almost dead.
The black bear bites you.
* * * LOW HITPOINT WARNING * * *
The black bear closely misses you. The black bear claws you.
* * * LOW HITPOINT WARNING * * *
You barely miss the black bear.
The black bear is almost dead.
The black bear bites you.
* * * LOW HITPOINT WARNING * * *
The black bear claws you.
* * * LOW HITPOINT WARNING * * *
The black bear claws you.
* * * LOW HITPOINT WARNING * * *
You barely miss the black bear.
The black bear is almost dead.
The black bear bites you but does no damage.
The black bear claws you but does no damage.
The black bear claws you.
* * * LOW HITPOINT WARNING * * *
You barely miss the black bear.
The black bear is almost dead.
The black bear bites you.
* * * LOW HITPOINT WARNING * * *
The black bear claws you but does no damage.
The black bear barely misses you.
You closely miss the black bear.
The black bear is almost dead.
The black bear completely misses you.
The black bear claws you but does no damage.
The black bear closely misses you. The black bear bites you!
You die...

##############
.............########
############.#.......
......# #........#
#####.####.#...##.####.
#########
....†..>...#...........
.........
#####†##..###..#...##
........#
##.#....#.......#
........#
#......###...@h.#
........# #.....##
##...).# ........#
###......# #.........
......... #.......##
##......##..........#
#....#.## ##.#....#
......... #.#.####
####.#.# #########
##### #### # #.#.#### #
#....#.##


You could see a black bear (berserk).

Vanquished Creatures
  2 adders (D:2)
  An orc (D:3)
  3 ball pythons
  5 endoplasms
  A giant cockroach (D:1)
  6 goblins
  5 hobgoblins
  11 jackals
  2 bats
  4 frilled lizards
  6 kobolds
  4 rats
50 creatures vanquished.

Notes
Turn   | Place    | Note
-------+----------+-------------------------------------------
     0 | D:1      | Essalna the Armataur Berserker began the quest for the Orb.
     0 | D:1      | Reached XP level 1. HP: 19/19 MP: 1/1
    94 | D:1      | Found a faded altar of an unknown god.
   252 | D:1      | Reached XP level 2. HP: 26/26 MP: 2/2
   608 | D:2      | Reached XP level 3. HP: 33/33 MP: 3/3
   701 | D:2      | Reached ** piety under Trog
   860 | D:2      | Found a runed translucent door.
   861 | D:2      | Noticed Crazy Yiuf
  1517 | D:3      | Found an opulent altar of Gozag.
  1591 | D:3      | Reached XP level 4. HP: 39/40 MP: 4/4
  1677 | D:3      | Noticed a black bear
  1694 | D:3      | HP: 2/60 [black bear (3)]
  1695 | D:3      | Mangled by a black bear

Illustrated notes

Levels and vault maps discovered:
D:1:      heliophobic_arrival_battle_scene, layout_rooms,
          dreamdust_ecumenical_altar_grove, chequers_serial_rivers_small_a,
          minmay_tetromino_t4
D:2:      layout_rooms, uniq_crazy_yiuf_cottage
D:3:      layout_basic, nicolae_overflow_crystal_walls, minivault_24,
          nicolae_figureground_sparkle

Skill      XL: |  1  2 |
---------------+-------+-----
Fighting       | 3 |  3.3
Maces & Flails | 3 |  3.4
Armour         | 3 |  3.7
Dodging        | |  1.3

Action                   |  1- 3 |  4- 6 || total
-------------------------+-------+-------++-------
Melee: Mace              |   111 |    11 ||   122
       Tailslap          |    16 |     1 ||    17
       Flail             |       |    15 ||    15
Invok: Berserk           |       |     1 ||     1
Armor: Animal skin       |    81 |    38 ||   119
Dodge: Dodged            |    62 |    21 ||    83

Table legend: (Time is in decaauts)
 A = Elapsed time spent in this place.
 B = Non-inter-level travel time spent in this place.
 C = Inter-level travel time spent in this place.
 D = Time resting spent in this place.
 E = Time spent auto-exploring this place.
 F = Levels seen in this place.
 G = Mean time per level.
                   A        B        C        D        E       F      G
               +--------+--------+--------+--------+--------+-----+--------+
         Total |   1726 |   1670 |     56 |      0 |   1348 |   3 |  575.3 |
       Dungeon |   1726 |   1670 |     56 |      0 |   1348 |   3 |  575.3 |
               +--------+--------+--------+--------+--------+-----+--------+

Top non-repeatable levels by time:
     D:3: 607 daAuts
     D:2: 569 daAuts
     D:1: 549 daAuts
